 Dungeon Crawl Stone Soup version 0.26-a0-30-g56b8cd3df0 (webtiles) character file.

Game seed: 5907616711900670058, levelgen mode: deterministic

59451 psellion the Corrupter of Planes (level 15, -10/100 HPs)
             Began as a Halfling Abyssal Knight on May 29, 2020.
             Was the Champion of Lugonu.
             Mangled by Rupert
             ... wielding a +0 battleaxe of flaming
              (37 damage)
             ... while paralysed by Rupert
             ... on level 6 of the Lair of Beasts on May 30, 2020.
             The game lasted 02:04:55 (28824 turns).

psellion the Corrupter of Planes (HaAK)            Turns: 28824, Time: 02:04:56

Health: -10/100    AC: 23    Str: 22    XL:     15   Next: 34%
Magic:  24/24      EV:  3    Int: 13    God:    Lugonu [******]
Gold:   1187       SH:  0    Dex: 19    Spells: 12/14 levels left

rFire    + + .     SeeInvis +   C - +2 flail (drain)
rCold    + . .     Gourm    .   U - +1 buckler {rC+}
rNeg     + . .     Faith    .   X - +2 chain mail {rF+}
rPois    .         Spirit   .   P - +0 helmet "Roafuss" {Int+3 Dex+3}
rElec    .         Reflect  .   n - +1 cloak {rF+}
rCorr    .         Harm     .   t - +2 pair of gloves
MR       +++..                  W - +1 pair of boots
Stlth    ..........             a - amulet "Nauc" {MR+ Regen+}
HPRegen  0.66/turn              F - ring of the Komtur {+Fly rN+ MR+ Str+4}
MPRegen  0.19/turn              j - ring "Izoewoip" {EV+4 SInv}

@: paralysed, very slightly contaminated
A: small, mutation resistance 1
a: Depart the Abyss, Bend Space, Banish, Corrupt, Enter the Abyss, Brand Weapon
With Distortion, Renounce Religion, Evoke Flight


You were on level 6 of the Lair of Beasts.
You worshipped Lugonu.
Lugonu was exalted by your worship.
You were not hungry.

You visited 3 branches of the dungeon, and saw 20 of its levels.
You visited the Abyss 1 time.
You also visited: Bailey and Volcano.

You collected 2173 gold pieces.
You spent 986 gold pieces at shops.

Inventory:

Hand Weapons
 s - a +4 hunting sling
 w - a +2 flail of protection
 C - a +2 flail of draining (weapon)
Missiles
 l - 113 sling bullets
 o - 317 stones (quivered)
Armour
 i - a scarf of resistance
 n - a +1 cloak of fire resistance (worn)
 p - a +0 chain mail of poison resistance
 t - a +2 pair of gloves (worn)
 G - the +0 helmet of Distant Shores {Int+5 SInv Stlth-}
   (You found it in a bailey)

   It affects your intelligence (+5).
   It lets you see invisible.
   It makes you less stealthy.
 L - a +0 kite shield
 P - the +0 helmet "Roafuss" (worn) {Int+3 Dex+3}
   (You bought it in a shop on level 2 of the Orcish Mines)

   It affects your intelligence (+3).
   It affects your dexterity (+3).
 U - a +1 buckler of cold resistance (worn)
 W - a +1 pair of boots (worn)
 X - a +2 chain mail of fire resistance (worn)
Jewellery
 a - the amulet "Nauc" (around neck) {MR+ Regen+}
   (You found it on level 12 of the Dungeon)

   [amulet of regeneration]

   It affects your resistance to hostile enchantments.
   It increases your rate of regeneration.
 j - the ring "Izoewoip" (right hand) {EV+4 SInv}
   (You took it off an efreet on level 12 of the Dungeon)

   [ring of evasion]

   It affects your evasion (+4).
   It lets you see invisible.
 k - an uncursed ring of protection from fire
 F - the ring of the Komtur (left hand) {+Fly rN+ MR+ Str+4}
   (You found it on level 12 of the Dungeon)

   [ring of flight]

   It affects your strength (+4).
   It protects you from negative energy.
   It affects your resistance to hostile enchantments.
   It lets you fly.
Wands
 r - a wand of paralysis (21)
 v - a wand of digging (6)
 z - a wand of polymorph (21)
 A - a wand of acid (5)
 M - a wand of flame (27)
 T - a wand of iceblast (15)
 Y - a wand of clouds (7)
Scrolls
 b - a scroll of enchant weapon
 f - 7 scrolls of remove curse
 h - 2 scrolls of enchant armour
 m - 4 scrolls of amnesia
 q - 2 scrolls of blinking
 y - a scroll of brand weapon {unknown}
 K - a scroll of fog {unknown}
 N - a scroll of identify
 O - 4 scrolls of immolation
 S - 5 scrolls of magic mapping
 Z - a scroll of silence {unknown}
Potions
 d - 3 potions of ambrosia
 e - 2 potions of haste
 g - a potion of berserk rage
 x - 9 potions of curing
 B - 2 potions of flight
 D - 3 potions of degeneration
 H - a potion of mutation
 I - 2 potions of resistance
 J - 2 potions of cancellation
 Q - 3 potions of lignification
 R - 4 potions of brilliance
 V - 2 potions of magic
Miscellaneous
 u - a lightning rod (4/4)
 E - a box of beasts
Comestibles
 c - 29 rations


   Skills:
 + Level 8.6 Fighting
 + Level 10.2 Maces & Flails
 - Level 12.0 Slings
 - Level 10.0 Armour
 - Level 10.0 Dodging
 - Level 5.8 Shields
 + Level 12.5 Invocations
 - Level 10.0 Evocations


You had 12 spell levels left.
You knew the following spells:

 Your Spells              Type           Power        Failure   Level  Hunger
a - Blink                 Tloc           N/A          96%         2    ###....

Your spell library contained the following spells:

 Spells                   Type           Power        Failure   Level  Hunger
 Magic Dart               Conj           #...         88%         1    ##.....
 Summon Small Mammal      Summ           #...         88%         1    ##.....
 Call Imp                 Summ           #.......     96%         2    ###....
 Corpse Rot               Necr/Air       N/A          96%         2    ###....
 Searing Ray              Conj           #.....       96%         2    ###....
 Slow                     Hex            #.......     96%         2    ###....
 Sublimation of Blood     Necr           #.........   96%         2    ###....
 Call Canine Familiar     Summ           #.......     99%         3    ####...
 Conjure Flame            Conj/Fire      #.......     99%         3    ####...
 Dazzling Flash           Conj/Hex       #.....       99%         3    ####...
 Mephitic Cloud           Conj/Pois/Air  #.......     99%         3    ####...
 Summon Guardian Golem    Hex/Summ       #.......     99%         3    ####...
 Dispel Undead            Necr           #.......     100%        4    #####..
 Fulminant Prism          Conj/Hex       #.........   100%        4    #####..
 Iskenderun's Mystic Bla  Conj/Tloc      #.......     100%        4    #####..
 Summon Ice Beast         Ice/Summ       #.......     100%        4    #####..
 Summon Lightning Spire   Summ/Air       #.......     100%        4    #####..
 Agony                    Necr           #.......     100%        5    ######.
 Excruciating Wounds      Chrm/Necr      #.........   100%        5    ######.


Dungeon Overview and Level Annotations

Branches:
Dungeon (12/15)            Temple (0/1) D:7            Lair (6/6) D:8
 Shoals (0/4) Lair:2       Spider (0/4) Lair:2        Slime (0/5) Lair:6
    Orc (2/2) D:12            Elf (0/3) Orc:2        Bailey (visited)
Volcano (visited)

Altars:
Ashenzari
Cheibriados
Dithmenos
Elyvilon
Hepliaklqana
Kikubaaqudgha
Nemelex Xobeh
Sif Muna
Xom
Zin
The Shining One
Beogh

Shops:
D:4 %   Orc:2 :([[

Annotations:
D:3 1 runed translucent door, Stelteck's ghost, amateur DsMo
D:9 1 transporter
Lair:2 1 runed translucent door, droganthewolf's ghost, journeyman GrFi
Lair:6 Rupert
Abyss:1 Azrael


Innate Abilities, Weirdness & Mutations

You are small and have problems with some larger weapons.
You are somewhat resistant to further mutation.


Message History

The crocodile bites you but does no damage.
The water moccasin barely misses you. The spiny frog stings you.
Rupert hits you with a +0 battleaxe of flaming!
Rupert burns you.
The water moccasin bites you but does no damage.
The crocodile bites you but does no damage.
The spiny frog stings you but does no damage.
Rupert hits you with a +0 battleaxe of flaming!!
* * * LOW HITPOINT WARNING * * *
Rupert burns you.
* * * LOW HITPOINT WARNING * * *
The water moccasin bites you but does no damage.
The crocodile bites you but does no damage.
The spiny frog stings you but does no damage.
You hear an angry hiss.
You hear a shout! x2
Something shouts, "Bolt, thou yeasty fob-snatching varlet!"
The water moccasin bites you but does no damage.
Rupert hits you with a +0 battleaxe of flaming!!!
You die...

**,,,,,* ***,,,,,,** ##*
**#*,.,,,,,,,* #.* *.#,..,,,,,,,*
#.####.,...,,,,,,**
****#####.....#....,,,,,**
***,*,..P............,,,,,,***
*,,,,,........t......*,,,,,**,
*,,,,,.......@@......*,,,,,*,,
***,,,,,.......SF......,,,,,,,,,
*,*,,,,,...............,,,,,,,,,
**,,,,,,...............,,,,,,,,,
**,,,,,,,!..............,,,,,,,,,
,,,,,,,,,...............,,,,,,,,,
,,,,,,,,,.........!.....,,,,,,,,,
,,,,,,,,,...............,,,,,,,,,
,,,,,,,,,,,,,,,,,,,,,,,,,,,,,,,,,


You could see Rupert (berserk, corroded), a spiny frog, a water moccasin and a
crocodile.

Vanquished Creatures
  Josephine (D:12)
  Harold (D:11)
  7 hydras
  2 centaur warriors
  2 death yaks
  A two-headed ogre (D:12)
  8 orc high priests (Orc:2)
  4 unseen horrors
  2 orc knights
  A lindwurm (Lair:5)
  2 orc sorcerers
  3 oklob plants
  2 ugly things (D:12)
  A manticore (D:12)
  A deep elf mage (D:12)
  5 cyclopes
  5 black mambas
  Maurice (D:11)
  A gargoyle (D:12)
  6 spiny frogs
  2 rime drakes
  6 komodo dragons
  4 yaktaurs
  An efreet (D:12)
  A jumping spider (Lair:2)
  6 trolls
  2 meliai (D:12)
  5 blink frogs (Lair:5)
  A hornet (D:6)
  5 hippogriffs
  Sigmund (D:2)
  A dream sheep (Lair:4)
  A vampire (D:12)
  2 wyverns (Lair:4)
  3 wraiths (D:12)
  8 fire bats
  34 yaks
  4 fire elementals (Orc:2)
  2 basilisks
  Grum (D:8)
  A hungry ghost (D:9)
  7 wargs
  Edmund (D:5)
  A soldier ant (D:12)
  2 acid dragons
  Duvessa (D:7)
  6 water moccasins
  7 porcupines
  2 hell hounds (Orc:2)
  3 sky beasts
  8 orc warriors
  An eye of draining (D:9)
  2 ice beasts (D:11)
  A necrophage (D:9)
  10 ogres
  3 phantoms
  9 wolves
  15 centaurs
  6 crocodiles
  8 big kobolds
  16 bullfrogs
  2 gnoll sergeants
  Dowan (D:7)
  A wyvern skeleton (D:11)
  A scorpion (D:6)
  A killer bee (D:12)
  5 wights (D:7)
  An electric eel (Lair:5)
  A howler monkey (D:4)
  6 crimson imps
  A bullfrog zombie (D:11)
  7 lava snakes
  2 jellies
  2 quasits
  34 orc priests
  8 hounds
  A bullfrog skeleton (D:9)
  4 centaur skeletons
  5 centaur zombies
  A gnoll shaman (D:6)
  3 iguanas
  Terence (D:3)
  4 worker ants
  20 orc wizards
  2 killer bee zombies
  A hound skeleton (D:8)
  A hound zombie (D:11)
  2 worker ant zombies
  Robin (D:3)
  18 gnolls
  15 adders
  4 shadow imps
  3 oozes
  An adder skeleton (D:7)
  An adder zombie (D:9)
  4 worms
  5 dart slugs
  7 leopard geckos
  108 orcs
  3 giant cockroaches
  18 goblins
  9 hobgoblins
  4 jackals
  5 quokkas
  2 ball pythons
  13 bats
  3 frilled lizards
  34 kobolds
  A leopard gecko skeleton (D:2)
  8 rats
  A bush (Lair:5)
  A plant (Lair:3)
643 creatures vanquished.

Vanquished Creatures (others)
  A centaur warrior (D:12)
  A hell knight (Volcano)
  An ugly thing (D:11)
  A gargoyle (Volcano)
  A kobold demonologist (D:10)
  A meliai (D:12)
  A shadow (D:12)
  A vampire (D:11)
  An orc priest (D:12)
  An orc (D:12)
  5 fungi
  A plant (Lair:4)
16 creatures vanquished.

Grand Total: 659 creatures vanquished

Notes
Turn   | Place    | Note
-------+----------+-------------------------------------------
     0 | Abyss:1  | psellion the Halfling Abyssal Knight began the quest for
                  | the Orb.
     0 | Abyss:1  | Reached XP level 1. HP: 15/15 MP: 2/2
    20 | D:1      | Escaped the Abyss
   109 | D:1      | Reached XP level 2. HP: 18/20 MP: 3/3
   654 | D:1      | Reached ** piety under Lugonu
   654 | D:1      | Reached XP level 3. HP: 20/26 MP: 5/5
  1087 | D:2      | Noticed Sigmund
  1493 | D:2      | Reached XP level 4. HP: 30/31 MP: 6/6
  1540 | D:2      | Killed Sigmund
  1540 | D:2      | Reached XP level 5. HP: 20/38 MP: 6/8
  1540 | D:2      | Reached XP level 6. HP: 23/44 MP: 6/9
  2574 | D:2      | Reached skill level 5 in Invocations
  2796 | D:3      | Reached *** piety under Lugonu
  3268 | D:3      | Found a snail-covered altar of Cheibriados.
  3390 | D:3      | Found a runed translucent door.
  3396 | D:3      | Noticed Stelteck's ghost (amateur DsMo)
  3498 | D:3      | Noticed Robin
  3550 | D:3      | Killed Robin
  3550 | D:3      | Reached skill level 5 in Fighting
  3893 | D:3      | Reached XP level 7. HP: 41/50 MP: 11/11
  3988 | D:3      | Found a shattered altar of Ashenzari.
  4089 | D:3      | Noticed Terence
  4108 | D:3      | Killed Terence
  4118 | D:3      | Reached skill level 1 in Slings
  4448 | D:3      | Found a shimmering blue altar of Sif Muna.
  4627 | D:4      | Found Jovoejef's Food Shop.
  5099 | D:4      | Found an ancient bone altar of Kikubaaqudgha.
  5292 | D:5      | Entered Level 5 of the Dungeon
  5339 | D:5      | Found an ancient bone altar of Kikubaaqudgha.
  5348 | D:5      | Noticed Edmund
  5378 | D:5      | Killed Edmund
  5378 | D:5      | Reached XP level 8. HP: 10/56 MP: 12/12
  5669 | D:5      | You fall into a shaft and drop 3 floors!
  5669 | D:8      | Found a staircase to the Lair.
  5755 | D:8      | Reached **** piety under Lugonu
  5757 | D:8      | Reached skill level 5 in Slings
  6129 | D:7      | Found a staircase to the Ecumenical Temple.
  6614 | D:7      | Noticed Duvessa
  6643 | D:7      | Killed Duvessa
  6649 | D:7      | Reached XP level 9. HP: 50/63 MP: 14/14
  6688 | D:7      | Noticed Dowan
  6692 | D:7      | Killed Dowan
  6831 | D:6      | Noticed a hornet
  7355 | D:6      | Paralysed by a hornet for 2 turns
  7359 | D:6      | Killed a hornet
  7750 | D:6      | Found a sparkling altar of Nemelex Xobeh.
  8269 | D:5      | Found a glowing silver altar of Zin.
  8269 | D:5      | Found a glowing golden altar of the Shining One.
  8269 | D:5      | Found a white marble altar of Elyvilon.
  8358 | D:5      | Found a hazy altar of Hepliaklqana.
  8359 | D:5      | Found a shimmering altar of Xom.
  8360 | D:5      | Noticed a spectral ugly thing
  8782 | D:7      | Reached XP level 10. HP: 71/71 MP: 16/16
  9198 | D:8      | Noticed Grum
  9462 | D:8      | Killed Grum
 10414 | D:9      | Found a sparkling altar of Nemelex Xobeh.
 10639 | D:9      | Reached ***** piety under Lugonu
 10667 | D:9      | Found a transporter.
 11411 | D:9      | Reached skill level 5 in Shields
 11731 | D:9      | Found a shadowy altar of Dithmenos.
 11814 | D:10     | Entered Level 10 of the Dungeon
 12006 | D:10     | Reached XP level 11. HP: 71/77 MP: 18/18
 12110 | D:10     | Reached skill level 10 in Slings
 12128 | D:10     | Killed an unseen horror
 12975 | D:10     | Noticed a sun demon
 12975 | D:10     | Reached skill level 10 in Invocations
 13461 | D:11     | Killed an unseen horror
 13465 | D:11     | Noticed a brown ugly thing
 13475 | D:11     | Banished a brown ugly thing
 13609 | D:11     | Reached skill level 5 in Dodging
 13868 | D:11     | Noticed Harold
 13896 | D:11     | Killed Harold
 14007 | D:11     | Noticed a cyclops
 14019 | D:11     | Killed a cyclops
 14491 | D:11     | Killed an unseen horror
 14491 | D:11     | Reached XP level 12. HP: 55/82 MP: 13/20
 14813 | D:11     | Noticed Maurice
 14830 | D:11     | Killed Maurice
 15364 | D:12     | Reached skill level 1 in Evocations
 15672 | D:12     | Killed an unseen horror
 15921 | D:12     | Noticed a two-headed ogre
 15930 | D:12     | Killed a two-headed ogre
 17007 | D:12     | Noticed Josephine
 17024 | D:12     | Killed Josephine
 17302 | D:12     | Found a staircase to the Orcish Mines.
 17654 | D:12     | Reached skill level 5 in Evocations
 17672 | D:12     | Reached XP level 13. HP: 46/88 MP: 15/22
 17916 | D:12     | Noticed a centaur warrior
 17924 | D:12     | Identified the ring "Izoewoip" {EV+4 SInv}
 17933 | D:12     | Banished a centaur warrior
 17933 | D:12     | Reached skill level 5 in Maces & Flails
 18308 | D:12     | Identified the amulet of Ysheff {Faith rF+ MP+9 Dex+3 SInv}
 18337 | D:12     | Got a twitching crystal amulet
 18464 | D:12     | Got a coiled turquoise ring
 18798 | D:12     | Noticed a centaur warrior
 18809 | D:12     | Killed a centaur warrior
 18809 | D:12     | Reached skill level 5 in Armour
 19267 | D:12     | Identified the ring of the Komtur {+Fly rN+ MR+ Str+4} (You
                  | found it on level 12 of the Dungeon)
 19340 | Orc:1    | Entered Level 1 of the Orcish Mines
 19447 | Orc:1    | Found a flagged portal.
 19457 | Bailey   | Entered a bailey
 19641 | Bailey   | Identified the amulet "Nauc" {MR+ Regen+} (You found it on
                  | level 12 of the Dungeon)
 19793 | Bailey   | Got a fading helmet
 19804 | Bailey   | Identified the cursed +0 helmet of Distant Shores {Int+5
                  | SInv Stlth-} (You found it in a bailey)
 20131 | Orc:2    | Entered Level 2 of the Orcish Mines
 20188 | Orc:2    | Noticed Azrael
 20192 | Orc:2    | Banished Azrael
 20880 | Orc:2    | Found a staircase to the Elven Halls.
 21195 | Orc:2    | Found a roughly hewn altar of Beogh.
 21700 | Orc:1    | Reached ****** piety under Lugonu
 22037 | Orc:2    | Reached XP level 14. HP: 88/94 MP: 23/23
 22044 | Orc:2    | Found Emaeziesch's Antique Armour Emporium.
 22044 | Orc:2    | Found Docwivea's Antique Armour Boutique.
 22071 | Orc:2    | Found a roughly hewn altar of Beogh.
 22249 | Orc:2    | Found Maghoiz's Book Boutique.
 22249 | Orc:2    | Found Inymet's Weapon Emporium.
 22595 | Orc:2    | Bought a pair of embroidered gloves for 195 gold pieces
 22595 | Orc:2    | Bought a crude helmet for 247 gold pieces
 22615 | Orc:2    | Bought a distressingly furry scale mail for 297 gold pieces
 22615 | Orc:2    | Bought a pair of runed boots for 247 gold pieces
 22625 | Orc:2    | Identified the +3 scale mail of Resilience {MP+9 Str+2}
                  | (You bought it in a shop on level 2 of the Orcish Mines)
 22660 | Orc:2    | Identified the cursed +0 helmet "Roafuss" {Int+3 Dex+3}
                  | (You bought it in a shop on level 2 of the Orcish Mines)
 22895 | Lair:1   | Entered Level 1 of the Lair of Beasts
 23097 | Lair:1   | Found a dark tunnel.
 23105 | Volcano  | Entered a volcano
 23262 | Volcano  | Found a burning altar of Makhleb.
 24206 | Lair:2   | Found a hole to the Spider Nest.
 24325 | Lair:2   | Found a runed translucent door.
 24325 | Lair:2   | Found a shimmering altar of Xom.
 24325 | Lair:2   | Noticed droganthewolf's ghost (journeyman GrFi)
 24459 | Lair:2   | Learned a level 2 spell: Blink
 24523 | Lair:2   | Found a staircase to the Shoals.
 24780 | Lair:2   | Found a shimmering blue altar of Sif Muna.
 26393 | Lair:4   | Reached skill level 10 in Evocations
 26539 | Lair:4   | Reached skill level 10 in Armour
 26697 | Lair:4   | Reached XP level 15. HP: 88/99 MP: 24/24
 28074 | Lair:5   | Reached skill level 10 in Maces & Flails
 28153 | Lair:5   | Reached skill level 10 in Dodging
 28744 | Lair:6   | Entered Level 6 of the Lair of Beasts
 28793 | Lair:6   | Noticed Rupert
 28819 | Lair:6   | Paralysed by Rupert for 6 turns
 28824 | Lair:6   | Mangled by Rupert

Illustrated notes

Levels and vault maps discovered:
D:1:      ncdulo_wetmaze, layout_loops_ring, chequers_hall_statues_y
D:2:      layout_loops_ring, uniq_sigmund
D:3:      layout_basic, led_sif_pool, kennysheep_slug_shrine,
          nicolae_overflow_crystal_walls, ebering_ghost_sewer_d, first_ration,
          kennysheep_generic_room_5, uniq_robin, uniq_terence
D:4:      layout_loops_ring, overflow_temple_1_default, serial_shops, shop
D:5:      layout_rooms, regret_index_temple_of_mockery, good_gods_mini_temple,
          basic_altar, uniq_edmund
D:6:      layout_basic, nemelex_diamond_rough_becter
D:7:      layout_loops_ring, minmay_temple_entry_hall, uniq_duvessa
D:8:      layout_basic, lair_entry_dummy, grunt_ogre_cave, uniq_grum
D:9:      gammafunk_jiyva_shrine, layout_stronghold, old_standard_altar,
          grunt_dithmenos_shadows
D:10:     layout_basic
D:11:     layout_basic, minmay_misc_feat_pillars, uniq_maurice, uniq_harold
D:12:     minmay_the_grid_triangle_9x9_recursive_2
          [minmay_the_grid_triangle_9x9_prize_special,
          minmay_the_grid_triangle_9x9_corrupted_corridor,
          minmay_the_grid_triangle_9x9_warning,
          minmay_the_grid_triangle_9x9_alien], layout_long_grid,
          hiddenorc2_lemuel, feat_on_display, uniq_josephine
Lair:1:   layout_cellular_growth, lightli_volcano_entry_magma_tube,
          beast_lair_carwin_1, serial_bayou_shore_b, grunt_megastairs_4
Lair:2:   layout_regular_city, elwin_shoals_entry_rocks, spider_nest_entry_a,
          ebering_ghost_xom, basic_altar, grunt_megastairs_1,
          minmay_lair_oklob_chamber
Lair:3:   layout_cave_pods, st_stairs_10, hibernation_bobbens
Lair:4:   layout_hall_layers, grunt_forest_large_clearing_hut
Lair:5:   layout_gridlike, minmay_lair_oklob_bushes, nzn_random_ring,
          serial_bayou_shore_a
Lair:6:   minmay_lair_end_frog_pond, layout_cave_shapes,
          minmay_slime_entry_pillars, portal_ice_cave_entry_imps, st_stairs_6,
          uniq_rupert, uniq_sonja
Orc:1:    layout_diamond_mine, enter_bailey_3
Orc:2:    st_orc_town, layout_caves, basic_altar, uniq_azrael

Skill      XL: |  1  2  3  4  5  6  7  8  9 10 11 12 13 14 15 |
---------------+----------------------------------------------+-----
Fighting       | 3 4 5 6 7 8 |  8.6
Invocations    | 3 4 5 6 7 8 9 11 12 | 12.5
Slings         | 3 6 8 9 12 | 12.0
Maces & Flails | 2 4 7 9 10 | 10.2
Shields        | 5 |  5.8
Dodging        | 2 6 9 10 | 10.0
Evocations     | 5 8 10 | 10.0
Armour         | 3 7 10 | 10.0

Action                   |  1- 3 |  4- 6 |  7- 9 | 10-12 | 13-15 || total
-------------------------+-------+-------+-------+-------+-------++-------
Melee: Mace              |   101 |   219 |     5 |       |       ||   325
       Hunting sling     |       |       |       |     3 |       ||     3
       Flail             |       |       |       |    47 |   904 ||   951
 Fire: Hunting sling     |       |       |   341 |  1168 |   792 ||  2301
Throw: Dart              |       |       |       |     1 |     3 ||     4
       Stone             |       |       |       |       |     1 ||     1
Invok: Banish            |       |       |       |     4 |     5 ||     9
Evoke: Wand              |       |       |     9 |       |    10 ||    19
  Use: Potion            |       |     4 |     3 |     1 |     3 ||    11
       Scroll            |       |       |     7 |    12 |    13 ||    32
 Stab: Sleeping          |     3 |       |       |       |       ||     3
       Invisible         |       |       |       |       |     5 ||     5
  Eat: Chunk             |     2 |     7 |    12 |    22 |    32 ||    75
       Ration            |       |       |     1 |     2 |     2 ||     5
Armor: Leather armour    |    40 |    55 |    10 |       |       ||   105
       Scale mail        |       |       |    25 |       |       ||    25
       Ring mail         |       |       |    39 |   145 |       ||   184
       Chain mail        |       |       |       |    21 |   318 ||   339
Dodge: Dodged            |    84 |   171 |   127 |   329 |   958 ||  1669
Block: Buckler           |       |       |       |   141 |   436 ||   577

Table legend:
 A = Non-vault XP
 B = Vault XP
 C = Vault XP percentage of total XP
 D = Non-vault monster count
 E = Vault monster count
 F = Vault count percentage of total count
                 A         B        C        D         E       F
            +---------+---------+-------+---------+---------+-------
      Total |   46546 |   38384 |  45.2 |     439 |     210 |  32.4
            +---------+---------+-------+---------+---------+-------
        D:1 |      35 |       0 |   0.0 |      21 |       0 |   0.0
        D:2 |     106 |     231 |  68.5 |      31 |       1 |   3.1
        D:3 |     184 |      74 |  28.7 |      30 |      13 |  30.2
        D:4 |     183 |       0 |   0.0 |       4 |       0 |   0.0
        D:5 |     488 |     169 |  25.7 |      12 |       1 |   7.7
        D:6 |     926 |       0 |   0.0 |      25 |       0 |   0.0
        D:7 |    1065 |     472 |  30.7 |      22 |       4 |  15.4
        D:8 |    1848 |     529 |  22.3 |      34 |       4 |  10.5
        D:9 |    1990 |      11 |   0.5 |      38 |       1 |   2.6
       D:10 |    2464 |       0 |   0.0 |      33 |       0 |   0.0
       D:11 |    6241 |    1436 |  18.7 |      42 |       2 |   4.5
       D:12 |    7428 |    8472 |  53.3 |      38 |      49 |  56.3
     Lair:1 |    1697 |    1953 |  53.5 |       7 |      11 |  61.1
     Lair:2 |    4597 |    2989 |  39.4 |      14 |       7 |  33.3
     Lair:3 |    2050 |     912 |  30.8 |       5 |       3 |  37.5
     Lair:4 |    4221 |    1254 |  22.9 |      23 |       3 |  11.5
     Lair:5 |    6516 |    4644 |  41.6 |      21 |      12 |  36.4
      Orc:1 |    1901 |     393 |  17.1 |      18 |       8 |  30.8
      Orc:2 |    2606 |    9780 |  79.0 |      21 |      59 |  73.8
     Bailey |       0 |     664 | 100.0 |       0 |      13 | 100.0
    Volcano |       0 |    4401 | 100.0 |       0 |      19 | 100.0
            +---------+---------+-------+---------+---------+-------
